TOP OF THE 1ST |
Greensboro Grasshoppers batting - Pitching for Hagerstown Suns : RHP Travis Hardin
|
Pitching: RHP Travis Hardin
|
|
Batting: RHB Rick Fell
|
0-0: Ball 1-0: Ball 2-0: Ball 3-0: Called Strike 3-1: Foul Ball, location: 2F 3-2: Foul Ball, location: 2F 3-2: Base on Balls
|
Batting: LHB Jose Cabello
|
0-0: Called Strike 0-1: Ball 1-1: Called Strike 1-2: Strikes out swinging
|
Batting: RHB Akira Suzuki
|
0-0: 2-RUN HOME RUN (Flyball, 78XD, EV 98.1 MPH), Distance : 401 ft
|
Batting: RHB Jake Shelton
|
0-0: Ball 1-0: Foul Ball, location: 2F 1-1: Swinging Strike 1-2: Ball 2-2: Foul Ball, location: 2F 2-2: Foul Ball, location: 2F 2-2: Strikes out swinging
|
Batting: RHB Willie Chavez
|
0-0: Ball 1-0: Called Strike 1-1: Swinging Strike 1-2: Ground out 3-1 (Groundball, 34, EV 106.9 MPH)
|
Top of the 1st over - 2 runs, 1 hit, 0 errors, 0 left on base; Greensboro 2 - Hagerstown 0 |
BOTTOM OF THE 1ST |
Hagerstown Suns batting - Pitching for Greensboro Grasshoppers : RHP Pharamond Lestrange
|
Pitching: RHP Pharamond Lestrange
|
|
Batting: RHB Kevin Whitenack
|
0-0: Called Strike 0-1: SINGLE (Groundball, 25, EV 64.4 MPH) (infield hit)
|
Batting: RHB John Savard
|
0-0: Ball 1-0: Swinging Strike 1-1: Swinging Strike 1-2: Strikes out swinging
|
Batting: RHB Deshawn Boseman
|
0-0: Ball Wild Pitch! Kevin Whitenack to second 1-0: Ground out 4-3 (Groundball, 4, EV 85.0 MPH) Kevin Whitenack to third
|
Batting: RHB Nick Moreno
|
0-0: Called Strike 0-1: Ball 1-1: Ball 2-1: SINGLE (Groundball, 34D, EV 103.8 MPH) Kevin Whitenack scores
|
Batting: LHB Chance McWilliams
|
0-0: Ball 1-0: Ball 2-0: Called Strike 2-1: Ball 3-1: Base on Balls Nick Moreno to second
|
Batting: LHB Yoshiya Kurokawa
|
0-0: Called Strike 0-1: Ball 1-1: Foul Ball, location: 2F 1-2: Strikes out swinging
|
Bottom of the 1st over - 1 run, 2 hits, 0 errors, 2 left on base; Greensboro 2 - Hagerstown 1 |
TOP OF THE 2ND |
Greensboro Grasshoppers batting - Pitching for Hagerstown Suns : RHP Travis Hardin
|
Batting: RHB Gavin Helton
|
0-0: Ball 1-0: Ball 2-0: Called Strike 2-1: Called Strike 2-2: Foul Ball, location: 2F 2-2: Foul Ball, location: 2F 2-2: SINGLE (Groundball, 56, EV 101.2 MPH) (infield hit)
|
Batting: RHB Kyle Ashton
|
0-0: Ball Gavin Helton steals 2nd base 1-0: Foul Ball, location: 2F 1-1: Called Strike 1-2: Ball 2-2: Fly out, F8 (Flyball, 8LD, EV 79.4 MPH)
|
Batting: RHB John Jackson
|
0-0: Called Strike Gavin Helton is caught stealing 3rd base 2-5 0-1: Called Strike 0-2: Ball 1-2: Ball 2-2: Strikes out looking
|
Top of the 2nd over - 0 runs, 1 hit, 0 errors, 0 left on base; Greensboro 2 - Hagerstown 1 |
BOTTOM OF THE 2ND |
Hagerstown Suns batting - Pitching for Greensboro Grasshoppers : RHP Pharamond Lestrange
|
Batting: RHB Derek Moran
|
0-0: Called Strike 0-1: Ball 1-1: Called Strike 1-2: Fly out, F3 (Line Drive, 3, EV 63.1 MPH)
|
Batting: RHB Bobby Dieter
|
0-0: Called Strike 0-1: Foul Ball, location: 2F 0-2: Ball 1-2: Ball 2-2: Strikes out looking
|
Batting: RHB Alex Blanco
|
0-0: Foul Ball, location: 2F 0-1: Foul Ball, location: 2F 0-2: Strikes out looking
|
Bottom of the 2nd over - 0 runs, 0 hits, 0 errors, 0 left on base; Greensboro 2 - Hagerstown 1 |
TOP OF THE 3RD |
Greensboro Grasshoppers batting - Pitching for Hagerstown Suns : RHP Travis Hardin
|
Batting: RHB Humberto Oros
|
0-0: Called Strike 0-1: Ball 1-1: Ground out 6-3 (Groundball, 6, EV 85.0 MPH)
|
Batting: RHB Rick Fell
|
0-0: Ball 1-0: Foul Ball, location: 2F 1-1: Swinging Strike 1-2: SINGLE (Groundball, 56D, EV 101.9 MPH)
|
Batting: LHB Jose Cabello
|
0-0: Ball Rick Fell steals 2nd base 1-0: Ground out 4-3 (Groundball, 4, EV 110.0 MPH) Rick Fell to third
|
Batting: RHB Akira Suzuki
|
0-0: Called Strike 0-1: Ball 1-1: Ball 2-1: Foul Ball, location: 2F 2-2: Strikes out swinging
|
Top of the 3rd over - 0 runs, 1 hit, 0 errors, 1 left on base; Greensboro 2 - Hagerstown 1 |
BOTTOM OF THE 3RD |
Hagerstown Suns batting - Pitching for Greensboro Grasshoppers : RHP Pharamond Lestrange
|
Batting: RHB Kevin Whitenack
|
0-0: Ball 1-0: Ball 2-0: Ground out 5-3 (Groundball, 56, EV 104.4 MPH)
|
Batting: RHB John Savard
|
0-0: Ball 1-0: Foul Ball, location: 2F 1-1: Ball 2-1: Foul Ball, location: 2F 2-2: SINGLE (Line Drive, 8LS, EV 106.2 MPH)
|
Batting: RHB Deshawn Boseman
|
0-0: Called Strike 0-1: Ball 1-1: Ball John Savard steals 2nd base (no throw) 2-1: Ball 3-1: Base on Balls
|
Batting: RHB Nick Moreno
|
0-0: Ball 1-0: Hit by Pitch John Savard to third Deshawn Boseman to second
|
Batting: LHB Chance McWilliams
|
0-0: SINGLE (Groundball, 34D, EV 95.0 MPH) John Savard scores Deshawn Boseman to third Nick Moreno to second
|
Batting: LHB Yoshiya Kurokawa
|
0-0: Ball 1-0: Reached on error, E5 (Groundball, 56, EV 81.2 MPH) Deshawn Boseman scores Nick Moreno to third Chance McWilliams to second
|
Batting: RHB Derek Moran
|
0-0: Ground out 6-3 (Groundball, 6S, EV 73.8 MPH) Nick Moreno scores Chance McWilliams to third Yoshiya Kurokawa to second
|
Batting: RHB Bobby Dieter
|
0-0: Foul Ball, location: 2F 0-1: Ball 1-1: Swinging Strike 1-2: Ball 2-2: Strikes out swinging, 2-3 out at first.
|
Bottom of the 3rd over - 3 runs, 2 hits, 1 error, 2 left on base; Greensboro 2 - Hagerstown 4 |
TOP OF THE 4TH |
Greensboro Grasshoppers batting - Pitching for Hagerstown Suns : RHP Travis Hardin
|
Batting: RHB Jake Shelton
|
0-0: Ball 1-0: Fly out, F4 (Popup, 34, EV 69.4 MPH)
|
Batting: RHB Willie Chavez
|
0-0: Foul Ball, location: 2F 0-1: Foul Ball, location: 2F 0-2: Foul Ball, location: 2F 0-2: SINGLE (Line Drive, 34D, EV 95.6 MPH)
|
Batting: RHB Gavin Helton
|
0-0: Ball Willie Chavez steals 2nd base 1-0: Foul Ball, location: 2F 1-1: Ground out 5-3 (Groundball, 25, EV 88.1 MPH)
|
Batting: RHB Kyle Ashton
|
0-0: Ball 1-0: Ball 2-0: Swinging Strike 2-1: Foul Ball, location: 2F 2-2: Strikes out looking
|
Top of the 4th over - 0 runs, 1 hit, 0 errors, 1 left on base; Greensboro 2 - Hagerstown 4 |
BOTTOM OF THE 4TH |
Hagerstown Suns batting - Pitching for Greensboro Grasshoppers : RHP Pharamond Lestrange
|
Batting: RHB Alex Blanco
|
0-0: Swinging Strike 0-1: Called Strike 0-2: Foul Ball, location: 2F 0-2: Ball 1-2: Strikes out swinging
|
Batting: RHB Kevin Whitenack
|
0-0: Ball 1-0: Ball 2-0: Called Strike 2-1: Called Strike 2-2: Ball 3-2: Strikes out swinging
|
Batting: RHB John Savard
|
0-0: Called Strike 0-1: Ball 1-1: Ball 2-1: Foul Ball, location: 2F 2-2: Ball 3-2: Foul Ball, location: 2F 3-2: Strikes out looking
|
Bottom of the 4th over - 0 runs, 0 hits, 0 errors, 0 left on base; Greensboro 2 - Hagerstown 4 |
TOP OF THE 5TH |
Greensboro Grasshoppers batting - Pitching for Hagerstown Suns : RHP Travis Hardin
|
Batting: RHB John Jackson
|
0-0: SINGLE (Groundball, 56S, EV 68.8 MPH) (infield hit)
|
Pitching: RHP Manny Arguelles
|
|
Batting: RHB Humberto Oros
|
0-0: Foul Ball, location: 2F 0-1: Ball John Jackson steals 2nd base 1-1: Foul Ball, location: 2F 1-2: Foul Ball, location: 2F 1-2: Ground out U3 (Groundball, 34S, EV 90.0 MPH) John Jackson to third
|
Batting: RHB Rick Fell
|
0-0: SINGLE (Groundball, 4MD, EV 100.6 MPH) John Jackson scores
|
Batting: LHB Jose Cabello
|
0-0: Swinging Strike 0-1: Called Strike Rick Fell steals 2nd base 0-2: Ball 1-2: Ground out 4-3 (Groundball, 34, EV 108.8 MPH) Rick Fell to third
|
Batting: RHB Akira Suzuki
|
0-0: Ground out 5-3 (Groundball, 56S, EV 91.2 MPH)
|
Top of the 5th over - 1 run, 2 hits, 0 errors, 1 left on base; Greensboro 3 - Hagerstown 4 |
BOTTOM OF THE 5TH |
Hagerstown Suns batting - Pitching for Greensboro Grasshoppers : RHP Pharamond Lestrange
|
Batting: RHB Deshawn Boseman
|
0-0: Called Strike 0-1: Ground out 6-3 (Groundball, 6, EV 81.2 MPH)
|
Batting: RHB Nick Moreno
|
0-0: Foul Ball, location: 2F 0-1: Ball 1-1: Called Strike 1-2: Foul Ball, location: 2F 1-2: Foul Ball, location: 2F 1-2: Strikes out swinging
|
Batting: LHB Chance McWilliams
|
0-0: Called Strike 0-1: Called Strike 0-2: Ground out 1-3 (Groundball, 13S, EV 70.6 MPH)
|
Bottom of the 5th over - 0 runs, 0 hits, 0 errors, 0 left on base; Greensboro 3 - Hagerstown 4 |
TOP OF THE 6TH |
Greensboro Grasshoppers batting - Pitching for Hagerstown Suns : RHP Manny Arguelles
|
Batting: RHB Jake Shelton
|
0-0: Called Strike 0-1: Ball 1-1: Ball 2-1: Ball 3-1: Base on Balls
|
Batting: RHB Willie Chavez
|
0-0: Foul Ball, location: 2F 0-1: Fielders Choice at 2nd, 4-6 (Groundball, 4, EV 98.8 MPH)
|
Batting: RHB Gavin Helton
|
0-0: Fielders Choice at 2nd, 6-4 (Groundball, 6, EV 80.6 MPH)
|
Batting: RHB Kyle Ashton
|
0-0: Called Strike Gavin Helton steals 2nd base 0-1: Ball 1-1: Ball 2-1: Fly out, F7 (Flyball, 7S, EV 82.5 MPH)
|
Top of the 6th over - 0 runs, 0 hits, 0 errors, 1 left on base; Greensboro 3 - Hagerstown 4 |
BOTTOM OF THE 6TH |
Hagerstown Suns batting - Pitching for Greensboro Grasshoppers : RHP Pharamond Lestrange
|
Batting: LHB Yoshiya Kurokawa
|
0-0: Swinging Strike 0-1: Called Strike 0-2: Ball 1-2: Ball 2-2: Ball 3-2: Strikes out swinging
|
Batting: RHB Derek Moran
|
0-0: Foul Ball, location: 2F 0-1: Ball 1-1: Fly out, F7 (Line Drive, 7, EV 96.9 MPH)
|
Batting: RHB Bobby Dieter
|
0-0: Ball 1-0: Foul Ball, location: 2F 1-1: Swinging Strike 1-2: Ball 2-2: Foul Ball, location: 2F 2-2: Foul Ball, location: 2F 2-2: SINGLE (Line Drive, 89S, EV 87.5 MPH)
|
Pitching: RHP Chris Forster
|
|
Batting: RHB Alex Blanco
|
0-0: Ball 1-0: Foul Ball, location: 2F 1-1: Fly out, F9 (Flyball, 89D, EV 101.9 MPH)
|
Bottom of the 6th over - 0 runs, 1 hit, 0 errors, 1 left on base; Greensboro 3 - Hagerstown 4 |
TOP OF THE 7TH |
Greensboro Grasshoppers batting - Pitching for Hagerstown Suns : RHP Manny Arguelles
|
Pitching: RHP Salvador Medina
|
|
Batting: RHB John Jackson
|
0-0: Called Strike 0-1: Swinging Strike 0-2: Ball 1-2: Ball 2-2: Ball 3-2: Strikes out swinging
|
Batting: RHB Humberto Oros
|
0-0: Reached on error, E5 (Groundball, 56S, EV 85.0 MPH)
|
Batting: RHB Rick Fell
|
0-0: Ball 1-0: Foul Ball, location: 2F 1-1: Ball 2-1: Fielders Choice at 2nd, 6-4 (Groundball, 6, EV 87.5 MPH)
|
Batting: LHB Jose Cabello
|
0-0: Ball Rick Fell steals 2nd base 1-0: Ball 2-0: Called Strike 2-1: Ground out 5-3 (Groundball, 56S, EV 85.6 MPH)
|
Top of the 7th over - 0 runs, 0 hits, 1 error, 1 left on base; Greensboro 3 - Hagerstown 4 |
BOTTOM OF THE 7TH |
Hagerstown Suns batting - Pitching for Greensboro Grasshoppers : RHP Chris Forster
|
Batting: RHB Kevin Whitenack
|
0-0: Ball 1-0: Foul Ball, location: 2F 1-1: Ball 2-1: Ball 3-1: Called Strike 3-2: Fly out, F9 (Flyball, 9S, EV 87.5 MPH)
|
Batting: RHB John Savard
|
0-0: Called Strike 0-1: SINGLE (Groundball, 6S, EV 71.9 MPH) (infield hit)
|
Batting: RHB Deshawn Boseman
|
0-0: Ball Pickoff Throw by Catcher to First - Error! E2 John Savard to second 1-0: Ball 2-0: Called Strike 2-1: Ground out 5-3 (Groundball, 56S, EV 84.4 MPH)
|
Batting: RHB Nick Moreno
|
0-0: Called Strike 0-1: Swinging Strike 0-2: Strikes out swinging
|
Bottom of the 7th over - 0 runs, 1 hit, 1 error, 1 left on base; Greensboro 3 - Hagerstown 4 |
TOP OF THE 8TH |
Greensboro Grasshoppers batting - Pitching for Hagerstown Suns : RHP Salvador Medina
|
Batting: RHB Akira Suzuki
|
0-0: Foul Ball, location: 2F 0-1: Ball 1-1: Ball 2-1: Called Strike 2-2: Foul Ball, location: 2F 2-2: Ball 3-2: Strikes out swinging
|
Batting: RHB Jake Shelton
|
0-0: Called Strike 0-1: Ball 1-1: Ball 2-1: Called Strike 2-2: Strikes out swinging
|
Batting: RHB Willie Chavez
|
0-0: Ball 1-0: Ground out 6-3 (Groundball, 6, EV 106.2 MPH)
|
Top of the 8th over - 0 runs, 0 hits, 0 errors, 0 left on base; Greensboro 3 - Hagerstown 4 |
BOTTOM OF THE 8TH |
Hagerstown Suns batting - Pitching for Greensboro Grasshoppers : RHP Chris Forster
|
Pitching: LHP Bryan Wedge
|
|
Batting: LHB Chance McWilliams
|
0-0: SINGLE (Groundball, 34D, EV 103.1 MPH)
|
Batting: LHB Yoshiya Kurokawa
|
0-0: Foul Ball, location: 2F 0-1: Swinging Strike 0-2: Ball 1-2: Foul Ball, location: 2F 1-2: Foul Ball, location: 2F 1-2: Ball 2-2: Foul Ball, location: 2F 2-2: Foul Ball, location: 2F 2-2: Grounds into double play, 4-6-3 (Groundball, 4M, EV 80.6 MPH)
|
Pitching: RHP Joe Lynn
|
|
Batting: RHB Derek Moran
|
0-0: Called Strike 0-1: Ball 1-1: SINGLE (Line Drive, 7S, EV 91.2 MPH)
|
Batting: RHB Bobby Dieter
|
0-0: Ball Derek Moran steals 2nd base (no throw) 1-0: Foul Ball, location: 2F 1-1: Swinging Strike 1-2: SINGLE (Line Drive, 8RM, EV 97.5 MPH) Derek Moran to third Throwing error, E8 Derek Moran scores Bobby Dieter to second
|
Batting: RHB Alex Blanco
|
0-0: Ball 1-0: Foul Ball, location: 2F 1-1: Ball 2-1: Ball 3-1: Called Strike 3-2: Foul Ball, location: 2F 3-2: Strikes out swinging
|
Bottom of the 8th over - 1 run, 3 hits, 1 error, 1 left on base; Greensboro 3 - Hagerstown 5 |
TOP OF THE 9TH |
Greensboro Grasshoppers batting - Pitching for Hagerstown Suns : RHP Salvador Medina
|
Pitching: RHP Chris Doty
|
|
Batting: RHB Gavin Helton
|
0-0: Called Strike 0-1: Swinging Strike 0-2: Ball 1-2: Ball 2-2: Strikes out swinging
|
Batting: RHB Kyle Ashton
|
0-0: Ball 1-0: Swinging Strike 1-1: Called Strike 1-2: Foul Ball, location: 2F 1-2: Ball 2-2: Strikes out looking
|
Batting: RHB John Jackson
|
0-0: Called Strike 0-1: Ball 1-1: Ball 2-1: Foul Ball, location: 2F 2-2: Strikes out looking
|
Top of the 9th over - 0 runs, 0 hits, 0 errors, 0 left on base; Greensboro 3 - Hagerstown 5 |
|